 Dungeon Crawl Stone Soup version 0.27-a0-1548-gf8a67e7463 (webtiles) character file.

Game seed: 15857358745272424638

828 BorisBritva322 the Ruffian (level 7, -19/53 HPs)
             Began as a Ghoul Monk on July 14, 2021.
             Was an Elder of Hepliaklqana.
             Killed from afar by mora's ghost (24 damage)
             ... with a fireball
             ... on level 4 of the Dungeon.
             The game lasted 00:14:28 (4508 turns).

BorisBritva322 the Ruffian (Ghoul Monk)             Turns: 4508, Time: 00:14:32

Health: -19/53     AC:  8    Str: 16    XL:     7   Next: 97%
Magic:  7/7        EV: 10    Int:  5    God:    Hepliaklqana [****..]
Gold:   204        SH:  0    Dex: 12    Spells: 6/6 levels left

rFire    . . .     SeeInvis .     - Unarmed
rCold    + + .     Faith    .   (no shield)
rNeg     + + +     Spirit   .   s - +0 scale mail
rPois    ∞         Reflect  +   (no helmet)
rElec    .         Harm     .   (no cloak)
rCorr    .         Rampage  .   a - +0 pair of gloves
Will     .....                  (no boots)
Stlth    ..........             c - amulet of reflection
HPRegen  0.00/turn              l - ring of protection from cold
MPRegen  0.10/turn              (no ring)

@: confused, ambrosia-drunk
A: reduced essence, claws 1, cold resistance 1, negative energy resistance 3,
inhibited regeneration, torment resistance 2
a: Renounce Religion, Recall Ancestor, Ancestor Identity, Transference, Idealise


You were on level 4 of the Dungeon.
You worshipped Hepliaklqana.
Hepliaklqana was greatly pleased with you.
You visited 1 branch of the dungeon, and saw 4 of its levels.
You also visited: Sewer.

You collected 204 gold pieces.

Inventory:

Missiles
 p - a throwing net (quivered)
Armour
 a - a +0 pair of gloves (worn)
 s - a +0 scale mail (worn)
Jewellery
 c - an amulet of reflection (around neck)
 l - a ring of protection from cold (left hand)
 t - a ring of protection from cold
 w - a +6 ring of dexterity
Wands
 v - a wand of iceblast (3)
Scrolls
 b - 2 scrolls of teleportation
 j - 2 scrolls of magic mapping {unknown}
 m - 2 scrolls of enchant armour
 o - 2 scrolls of immolation {unknown}
 q - a scroll of blinking {unknown}
Potions
 e - a potion of invisibility {unknown}
 f - 2 potions of berserk rage
 g - a potion of ambrosia
 h - 2 potions of curing {unknown}
 i - a potion of flight {unknown}
 k - a potion of mutation {unknown}
 n - 2 potions of magic {unknown}
 r - a potion of heal wounds {unknown}
 u - a potion of brilliance {unknown}


   Skills:
 + Level 4.2 Fighting
 * Level 4.2 Armour
 + Level 3.8 Dodging
 - Level 2.1 Stealth
 + Level 0.2 Shields
 + Level 6.9 Unarmed Combat
 * Level 1.9 Invocations


You had 6 spell levels left.
You didn't know any spells.
Your spell library contained the following spells:

 Spells                   Type           Power      Damage    Failure   Level
 Pain                     Necr           0%         1d4       88%         1
 Agony                    Necr           0%         N/A       100%        5
 Excruciating Wounds      Necr           0%         N/A       100%        5


Dungeon Overview and Level Annotations

Branches:
Dungeon (4/15)             Temple (0/1) D:4           Sewer (visited)

Altars:
Elyvilon
Hepliaklqana
Sif Muna
Vehumet

Annotations:
D:3 exclusion: statue
D:4 1 transporter, mora's ghost, novice DjFE


Innate Abilities, Weirdness & Mutations

Your life essence is reduced to manifest your ancestor. (-10% HP)
You thrive by killing the living.
You are immune to poison.
You have sharp fingernails.
Your flesh is cold resistant. (rC+)
You are immune to negative energy. (rN+++)
You do not regenerate when monsters are visible.
You are immune to unholy pain and torment.


Message History

No reachable target in view!
Mora's ghost screams, "What do you have that I didn't have?"
Mora's ghost completely misses you.
The gnoll hits you from afar with a +2 halberd of venom!
You hit mora's ghost but do no damage. Mora's ghost hits you.
The gnoll hits you from afar with a +2 halberd of venom.
You closely miss mora's ghost.
Mora's ghost hits you but does no damage.
The gnoll closely misses you.
You punch mora's ghost! Your punch misses mora's ghost.
Mora's ghost is moderately damaged.
Mora's ghost hits you but does no damage.
You closely miss mora's ghost.
Mora's ghost is moderately damaged.
The gnoll hits you from afar with a +2 halberd of venom!
Mora's ghost points at you and mumbles some strange words.
The fireball explodes!
The fireball engulfs you!!
Ouch! That really hurt!
* * * LOW HITPOINT WARNING * * *
The fireball engulfs Xiloxoch.
Xiloxoch resists.
The fireball engulfs mora's ghost.
Mora's ghost completely resists.
You swap places.
Mora's ghost hits Xiloxoch.
Xiloxoch barely misses mora's ghost.
As you read the scroll of identify, it crumbles to dust.
f - 2 potions of berserk rage Mora's ghost barely misses Xiloxoch.
Xiloxoch points at mora's ghost and mumbles some strange words.
Mora's ghost resists with almost no effort.
As you read the scroll of identify, it crumbles to dust.
g - 2 potions of ambrosia Mora's ghost misses Xiloxoch.
Xiloxoch hits mora's ghost but does no damage.
You are confused.
You feel invigorated.
Mora's ghost points at you and mumbles some strange words.
The fireball explodes!
The fireball engulfs Xiloxoch!
Xiloxoch resists.
The fireball engulfs you!!
You die...

#.........≈≈.#..#.).#.©#.≈≈..#
#.........≈≈.##.##.##.##.≈≈..#
####.#.....≈≈..#.#...#.#......#
####.#.....≈≈.©#.).©.'.#©....##
.#.........≈≈..#/#8⌠8#)#.....#
.....#####.≈≈.##.#####.##.≈≈.#
........#..≈≈.#..#.:.#..#.≈≈.#
........#..≈≈.##.#...#.##.≈≈.#
...........≈≈..#@#...#.#..≈≈.#
........#..≈≈###R##'##.###≈≈.#
.########..≈≈#...Wg......#≈≈.#
.# #..≈≈#8.###.###.8#≈≈.# .#
#..≈≈#..#8###8#..#≈≈.# ##
#..≈≈####.....####≈≈.# #
#..≈≈≈≈≈≈≈≈≈≈≈≈≈≈≈≈≈.#
#..≈≈≈≈≈≈≈≈≈≈≈≈≈≈≈≈≈.#
#....................#


You could see the friendly Xiloxoch the hexer and mora's ghost (ally target).

Vanquished Creatures
  Purgy (Sewer)
  Blork the orc (D:4)
  An orc priest (D:4)
  A jelly (D:4)
  Natasha (thrice) (D:4)
  Ijyb (D:4)
  7 gnolls
  4 adders (D:3)
  An adder skeleton (D:3)
  2 dart slugs
  4 orcs (D:4)
  4 ball pythons
  7 endoplasms
  6 giant cockroaches
  4 goblins
  7 hobgoblins
  6 jackals
  4 quokkas
  6 bats
  3 frilled lizards
  3 kobolds
  10 rats
86 creatures vanquished.

Vanquished Creatures (collateral kills)
  Menkaure (D:4)
  A black bear (D:4)
  A hound (D:4)
  An iguana (D:4)
  3 gnolls
  An adder (D:2)
  A river rat (D:3)
  2 endoplasms (D:2)
  2 giant cockroaches
  A hobgoblin (D:4)
  4 jackals
  A bat (D:3)
  A goblin (D:3)
  A kobold (Sewer)
  A rat (D:2)
22 creatures vanquished.

Vanquished Creatures (others)
  A hexer (D:2)
  6 plants (D:4)
7 creatures vanquished.

Grand Total: 115 creatures vanquished

Notes
Turn   | Place    | Note
-------+----------+-------------------------------------------
     0 | D:1      | BorisBritva322 the Ghoul Monk began the quest for the Orb.
     0 | D:1      | Reached XP level 1. HP: 19/19 MP: 0/0
   211 | D:1      | Reached XP level 2. HP: 17/26 MP: 1/1
   542 | D:1      | Found a faded altar of an unknown god.
   551 | D:1      | Became a worshipper of Hepliaklqana the Forgotten
   551 | D:1      | Reached * piety under Hepliaklqana
   551 | D:1      | Reached ** piety under Hepliaklqana
   818 | D:1      | Reached *** piety under Hepliaklqana
   821 | D:1      | Remembered your ancestor Xiloxoch as a hexer
  1099 | D:2      | Reached XP level 3. HP: 29/29 MP: 2/2
  1196 | D:2      | Found a shimmering blue altar of Sif Muna.
  1294 | D:2      | Reached skill level 4 in Unarmed Combat
  1440 | D:2      | Reached XP level 4. HP: 35/36 MP: 3/3
  1460 | D:2      | Reached skill level 1 in Armour
  2138 | D:3      | Reached XP level 5. HP: 36/41 MP: 4/4
  2423 | D:3      | Reached **** piety under Hepliaklqana
  2509 | D:3      | Found a glowing drain.
  2513 | Sewer    | Entered a sewer
  2711 | Sewer    | Noticed Purgy
  2721 | Sewer    | Killed Purgy
  2722 | Sewer    | Reached skill level 5 in Unarmed Combat
  2722 | Sewer    | Reached XP level 6. HP: 46/46 MP: 5/5
  3090 | D:3      | Found a radiant altar of Vehumet.
  3164 | D:4      | Noticed Natasha
  3171 | D:4      | Killed Natasha
  3175 | D:4      | Noticed a black bear
  3184 | D:4      | Killed a black bear
  3236 | D:4      | Noticed Natasha
  3251 | D:4      | Killed Natasha
  3452 | D:4      | Reached skill level 6 in Unarmed Combat
  3452 | D:4      | Reached XP level 7. HP: 31/53 MP: 6/6
  3668 | D:4      | Noticed Natasha
  3675 | D:4      | Killed Natasha
  3731 | D:4      | Found a staircase to the Ecumenical Temple.
  3757 | D:4      | Noticed Blork the orc
  3778 | D:4      | Killed Blork the orc
  3779 | D:4      | Reached skill level 1 in Invocations
  3943 | D:4      | Found a transporter.
  3943 | D:4      | Found a transporter.
  4077 | D:4      | Found the +2 ratskin cloak {*Rats rPois rN+ Str-1 Int-1
                  | Dex+1}
  4085 | D:4      | Noticed Ijyb
  4087 | D:4      | Noticed Menkaure
  4104 | D:4      | Killed Ijyb
  4111 | D:4      | Killed Menkaure
  4496 | D:4      | Noticed mora's ghost (novice DjFE)
  4504 | D:4      | HP: 1/53 [mora's ghost/fireball (27)]
  4508 | D:4      | Killed from afar by mora's ghost

Illustrated notes

Levels and vault maps discovered:
D:1:      amcnicky_arrival_choice, layout_loops_corners,
          ebering_ecumenical_altar_webs
D:2:      layout_basic, basic_altar
D:3:      minmay_inner_zag, layout_basic, vehumet_statue, gup_sewer_entry_spiral
D:4:      layout_rooms, mainiacjoe_overflow_small_starburst,
          minmay_temple_entry_proselytizer, gammafunk_ghost_gnarly_gnolls,
          chequers_hall_statues_wall_a, uniq_ijyb, uniq_natasha, uniq_menkaure,
          uniq_blork_the_orc

Skill      XL: |  1  2  3  4  5  6  7 |
---------------+----------------------+-----
Dodging        | 3 |  3.8
Unarmed Combat | 4 5 6 |  6.9
Armour         | 1 2 3 4 |  4.2
Fighting       | 4 |  4.2
Invocations    | 1 |  1.9
Stealth        | |  2.1
Shields        | |  0.2

Action                   |  1- 3 |  4- 6 |  7- 9 || total
-------------------------+-------+-------+-------++-------
Melee: Unarmed           |   102 |   212 |    72 ||   386
       Punch             |     2 |     4 |     1 ||     7
Invok: Ancestor Life: He |     1 |       |       ||     1
  Use: Scroll            |       |     2 |     2 ||     4
       Potion            |       |       |     1 ||     1
 Stab: Sleeping          |     4 |     3 |       ||     7
       Confused          |       |     3 |     2 ||     5
       Distracted        |       |       |     1 ||     1
Armor: Robe              |     3 |       |       ||     3
       Ring mail         |    35 |    54 |     1 ||    90
       Scale mail        |       |       |    16 ||    16
Dodge: Dodged            |    65 |    90 |    30 ||   185
Block: Other             |       |       |     3 ||     3

Table legend: (Time is in decaauts)
 A = Elapsed time spent in this place.
 B = Non-inter-level travel time spent in this place.
 C = Inter-level travel time spent in this place.
 D = Time resting spent in this place.
 E = Time spent auto-exploring this place.
 F = Levels seen in this place.
 G = Mean time per level.
                   A        B        C        D        E       F      G
               +--------+--------+--------+--------+--------+-----+--------+
         Total |   4500 |   4320 |    180 |      0 |   3510 |   5 |  900.0 |
       Dungeon |   4147 |   3967 |    180 |      0 |   3229 |   4 | 1036.8 |
         Sewer |    352 |    352 |      0 |      0 |    281 |   1 |  352.0 |
               +--------+--------+--------+--------+--------+-----+--------+

Top non-repeatable levels by time:
     D:4: 1337 daAuts
     D:1: 1091 daAuts
     D:3: 908 daAuts
     D:2: 810 daAuts
   Sewer: 352 daAuts
